 Dungeon Crawl Stone Soup version 0.19-a0-1091-g463c9de (webtiles) character file.

122 Jmtri7 the Skirmisher (level 5, -3/62 HPs)
             Began as an Ogre Monk on Aug 8, 2016.
             Slain by Grinder (5 damage)
             ... on level 3 of the Dungeon.
             The game lasted 00:04:03 (1975 turns).

Jmtri7 the Skirmisher (Ogre Monk)                   Turns: 1975, Time: 00:04:05

Health: -3/62      AC:  3    Str: 17    XL:     5   Next: 6%
Magic:  5/5        EV: 14    Int:  9    God:
Gold:   71         SH:  0    Dex: 12    Spells: 0 memorised, 4 levels left

rFire  + . .     SeeInvis .     a - +0 mace
rCold  + . .     Gourm    .     b - +0 robe
rNeg   . . .     Faith    .     (no shield)
rPois  +         Spirit   .     (helmet restricted)
rElec  +         Dismiss  .     (no cloak)
rCorr  +         Reflect  .     (gloves unavailable)
SustAt .         Harm     .     (boots unavailable)
MR     .....                    (no amulet)
Stlth  ++........               (no ring)
                                g - +4 ring of evasion

@: resistant
A: unfitting armour, tough skin 1
a: no special abilities


You were on level 3 of the Dungeon.
You were not hungry.

You visited 1 branch of the dungeon, and saw 3 of its levels.

You collected 71 gold pieces.

Inventory:

Hand Weapons
 a - a +0 mace (weapon)
Armour
 b - a +0 robe (worn)
Jewellery
 g - a +4 ring of evasion (left hand)
Scrolls
 d - a scroll of immolation {unknown}
 j - a scroll of blinking {unknown}
 k - a scroll of enchant weapon {unknown}
 n - 2 scrolls of identify {unknown}
Potions
 e - a potion of resistance
Comestibles
 c - 4 bread rations
 f - 7 fruits
 l - a beef jerky


   Skills:
 + Level 7.4 Fighting
 - Level 4.0 Maces & Flails
 - Level 2.6 Dodging
 - Level 1.5 Stealth


You had 4 spell levels left.
You didn't know any spells.

Dungeon Overview and Level Annotations

Branches:
Dungeon (3/15)

Altars:
Pakellas
Uskayaw
Vehumet

Annotations:
D:3 Grinder


Innate Abilities, Weirdness & Mutations

You are too large for most types of armour.
You have tough skin. (AC +1)


Message History

You hit Grinder but do no damage.
Grinder is lightly wounded.
Grinder hits you.
* * * LOW HITPOINT WARNING * * *
You hit Grinder.
Grinder is lightly wounded.
Grinder barely misses you.
You hit Grinder.
Grinder is moderately wounded.
Grinder hits you but does no damage.
You sock Grinder!
Grinder is heavily wounded.
Grinder hits you but does no damage. Grinder barely misses you.
You hit Grinder.
Grinder is heavily wounded.
Grinder grins, showing sharp teeth.
Grinder hits you.
* * * LOW HITPOINT WARNING * * *
You writhe in agony.
You die...

###### ######### .....# #....%..#
.....# #.......#
.....########.......#
...................>#
.....########..5@...#
......#..≈♣≈P♣......#
..#.#.#.≈≈≈≈≈≈P.≈♣..#############
.>.<...♣P≈P≈≈≈≈.≈≈P..............
..###.♣≈≈≈≈P≈≈≈.≈≈P♣#########...#
..# #)#♣♣≈≈≈≈≈≈.≈≈≈♣♣ #........#
..###.#.≈≈≈≈≈≈≈.≈P≈≈♣ ##........#
........P≈≈≈P≈≈.P≈P≈♣♣♣..........
##.#####♣♣♣♣≈≈≈.≈≈≈≈P♣♣#........#


You could see Grinder.

Vanquished Creatures
  An orc wizard (D:3)
  An iguana (D:3)
  2 adders (D:2)
  A worm (D:3)
  2 giant geckos
  3 orcs (D:3)
  A ball python (D:1)
  9 bats
  A giant cockroach (D:2)
  8 goblins
  3 hobgoblins (D:2)
  7 kobolds
  A quokka (D:3)
  2 giant newts
  4 rats
46 creatures vanquished.

Notes
Turn   | Place    | Note
-------+----------+-------------------------------------------
     0 | D:1      | Jmtri7 the Ogre Monk began the quest for the Orb.
     0 | D:1      | Reached XP level 1. HP: 24/24 MP: 1/1
    67 | D:1      | Reached XP level 2. HP: 6/33 MP: 2/2
   670 | D:2      | Reached skill level 5 in Fighting
   701 | D:2      | Reached XP level 3. HP: 22/42 MP: 3/3
   855 | D:2      | Found a radiant altar of Vehumet.
   857 | D:2      | Found a hide-covered altar of Uskayaw.
   859 | D:2      | Found an oddly glowing altar of Pakellas.
  1280 | D:2      | Reached skill level 6 in Fighting
  1383 | D:3      | Reached XP level 4. HP: 33/53 MP: 4/4
  1764 | D:3      | Reached skill level 7 in Fighting
  1916 | D:3      | Reached XP level 5. HP: 47/62 MP: 5/5
  1953 | D:3      | Noticed Grinder
  1956 | D:3      | Paralysed by Grinder for 5 turns
  1975 | D:3      | HP: 2/62 [Grinder (6)]
  1975 | D:3      | Slain by Grinder

Vault maps used:
D:1:      saegor_arrival_simple_a
D:2:      grunt_temple_overflow_open
D:3:      lemuel_coloured_pillars_altar, serial_bayou, serial_bayou_lagoon_b,
          serial_bayou_pond_e, serial_bayou_pond_b, serial_bayou_shore_a,
          serial_bayou_crossing, uniq_grinder

Skill      XL: |  1  2  3  4 |
---------------+-------------+-----
Fighting       | 5 6 7 |  7.4
Maces & Flails | |  4.0
Dodging        | |  2.6
Stealth        | |  1.5

Action                   |  1- 3 |  4- 6 || total
-------------------------+-------+-------++-------
Melee: Mace              |   101 |    70 ||   171
  Use: Potion            |       |     4 ||     4
 Stab: Sleeping          |     5 |       ||     5
  Eat: Chunk             |     1 |     3 ||     4
Armor: Robe              |    45 |    20 ||    65
Dodge: Dodged            |   109 |    83 ||   192
